 Dungeon Crawl Stone Soup version 0.29.0-4-gdea44cf6ec (webtiles) character file.

Game seed: 16153785286987138045

897 qw the Cleaver (level 8, -2/59 (62) HPs)
             Began as a Formicid Cinder Acolyte on Sept 4, 2022.
             Was a Believer of Ignis.
             Slain by a wight
             ... wielding a +3 spear
              (7 damage)
             ... on level 5 of the Dungeon.
             The game lasted 00:01:44 (6363 turns).

qw the Cleaver (Formicid Cinder Acolyte)            Turns: 6363, Time: 00:01:44

HP:   -2/59 (62)    AC: 14    Str: 20    XL:     8   Next: 28%
MP:   9/9           EV: 10    Int: 15    God:    Ignis [**....]
Gold: 266           SH:  0    Dex:  9    Spells: 9/9 levels left

rFire   + + .      SeeInvis +   Y - -1 hand axe (flame)
rCold   . . .      Faith    .   (no shield)
rNeg    . . .      Spirit   .   c - +2 ring mail {rF+}
rPois   .          Reflect  .   (helmet unavailable)
rElec   .          Harm     .   (no cloak)
rCorr   +          Rampage  .   (no gloves)
Will    .....                   (no boots)
Stlth   ..........              (no amulet)
HPRegen 0.19/turn               h - ring of resist corrosion
MPRegen 0.11/turn               (no ring)

@: fiery-armoured, lightly drained
A: permanent stasis, dig shafts and tunnels, antennae 3, four strong arms
a: Dig, Shaft Self, Renounce Religion, Fiery Armour, Foxfire Swarm, Rising Flame


You were on level 5 of the Dungeon.
You worshipped Ignis.
Ignis was pleased with you.
You visited 1 branch of the dungeon, and saw 5 of its levels.

You collected 266 gold pieces.


Innate Abilities, Weirdness & Mutations

You cannot be hasted, slowed, berserked, paralysed or teleported.
You can dig through walls and to a lower floor.
You have a pair of large antennae on your head. (SInv)
Your four strong arms can wield two-handed weapons with a shield.


   Skills:
 - Level 5.2 Fighting
 + Level 8.4 Axes
 - Level 1.1 Armour
 - Level 1.0 Dodging
 - Level 1.1 Spellcasting
 - Level 3.0 Fire Magic


You had 9 spell levels left.
You didn't know any spells.
Your spell library contained the following spells:

 Spells                   Type           Power      Damage    Failure   Level
 Scorch                   Fire           18%        2d5       19%         2

Inventory:

Hand Weapons
 Y - a -1 hand axe of flaming (weapon)
Armour
 c - a +2 ring mail of fire resistance (worn)
 d - the +0 scale mail "Laneala" {rN+}
   (You found it on level 2 of the Dungeon)

   rN:        It protects you from negative energy.
Jewellery
 h - a ring of resist corrosion (left hand)
Scrolls
 a - 3 scrolls of identify
Potions
 b - a potion of cancellation
 e - a potion of curing
 j - a potion of haste

Dungeon Overview and Level Annotations

Branches:
Dungeon (5/15)
 Temple: D:4-7

Altars:
Ru
Trog

Annotations:
D:4 1 runed translucent door, Crazy Yiuf


Message History

The wight closely misses you. The wight hits you but does no damage.
The wight barely misses you.
You hit the wight but do no damage.
The wight is severely damaged.
The wight barely misses you.
The wight hits you from afar with a +2 spear.
You feel drained.
The wight hits you from afar with a +3 spear!
You closely miss the wight.
The wight is severely damaged.
You slash the wight! You burn the wight.
You destroy the wight!
The wight hits you from afar with a +3 spear.
The wight barely misses you. The wight hits you with a +3 spear!
The wight is burned by your cloak of flames.
The wight is lightly damaged.
The wight misses you.
Things that are here:
a +0 halberd; a +0 robe You closely miss the wight.
The wight is lightly damaged.
You hit the wight but do no damage. The wight hits you but does no damage.
The wight is burned by your cloak of flames.
The wight is lightly damaged.
The wight hits you but does no damage.
The wight is burned by your cloak of flames.
The wight is lightly damaged.
You hit the wight. You burn the wight.
The wight is heavily damaged.
You hit the wight. You burn the wight. The wight hits you but does no damage.
The wight hits you with a +2 spear.
The wight is burned by your cloak of flames.
The wight is heavily damaged.
You hit the wight but do no damage.
The wight is heavily damaged.
You hit the wight but do no damage. The wight hits you with a +3 spear!
You die...

###............#.#
#...#.%#######.#
#...#..........#
##.##........#.#
#.#...#####....
#########.#...#
###.#
#.....)...#..>#
#..
#.####)####..##
### #.@......#
##zz......
#........
+......?.
#........
#........
#........
#........


You could see 2 wights.

Vanquished Creatures
  Duvessa (D:4)
  A water moccasin (D:5)
  A scorpion (D:4)
  3 wights (D:5)
  Dowan (D:4)
  2 jellies (D:4)
  A howler monkey (D:4)
  2 orc priests (D:4)
  3 hounds
  An iguana (D:4)
  2 orc wizards (D:4)
  2 adders (D:4)
  3 dart slugs
  6 orcs
  9 endoplasms
  A giant cockroach (D:4)
  2 goblins
  9 hobgoblins
  9 jackals
  8 kobolds
  5 quokkas
  6 ball pythons
  5 bats
  2 frilled lizards (D:2)
  6 rats
91 creatures vanquished.

Notes
Turn   | Place    | Note
-------+----------+-------------------------------------------
     0 | D:1      | qw the Formicid Cinder Acolyte began the quest for the Orb.
     0 | D:1      | Reached XP level 1. HP: 18/18 MP: 2/2
     0 | D:1      | 0 ||| qw: Version: 0.1-a-103-gd6f5d3a
     0 | D:1      | 0 ||| qw: Game counter: 5506
     0 | D:1      | 0 ||| qw: Always use a shield: true
     0 | D:1      | 0 ||| qw: God list: Okawaru
     0 | D:1      | 0 ||| qw: Allow faded altars: false
     0 | D:1      | 0 ||| qw: Do Orc after D:15 true
     0 | D:1      | 0 ||| qw: Do second Lair branch before Depths: true
     0 | D:1      | 0 ||| qw: Lair rune preference: random
     0 | D:1      | 0 ||| qw: Plans: Normal
     0 | D:1      | 0 ||| PLANNING D:1-11
   187 | D:1      | 187 ||| Stepping ~*~*~tactically~*~*~ (stealth).
   190 | D:1      | 190 ||| Stepping ~*~*~tactically~*~*~ (stealth).
   191 | D:1      | 191 ||| Stepping ~*~*~tactically~*~*~ (stealth).
   197 | D:1      | 197 ||| INVOKING Fiery Armour.
   199 | D:1      | Reached XP level 2. HP: 13/24 MP: 3/3
   618 | D:1      | 618 ||| INVOKING Fiery Armour.
   619 | D:1      | HP: 3/24 [kobold/+0 whip of freezing (4)]
   619 | D:1      | HP: 1/24 [kobold/+0 whip of freezing (2)]
  1186 | D:1      | Reached skill level 4 in Axes
  1186 | D:1      | Reached XP level 3. HP: 22/29 MP: 4/4
  1359 | D:1      | 1359 ||| Stepping ~*~*~tactically~*~*~ (hiding).
  1461 | D:1      | 1461 ||| Stepping ~*~*~tactically~*~*~ (hiding).
  1590 | D:1      | 1590 ||| READING 2 scrolls labelled MAHYUSTR YRUVU.
  1591 | D:1      | 1591 ||| READING scroll labelled WEMOCR GIRASCH.
  1735 | D:1      | 1735 ||| READING 2 scrolls labelled PACOETZUUTH.
  1736 | D:1      | 1736 ||| READING scroll labelled VINOUTR FUCAE.
  1737 | D:1      | 1737 ||| DRINKING 2 fizzy white potions.
  1738 | D:1      | 1738 ||| DROPPING scroll of magic mapping.
  1759 | D:2      | 1759 ||| Stepping ~*~*~tactically~*~*~ (stealth).
  1761 | D:2      | Identified the +0 scale mail "Laneala" {rN+}
  1765 | D:2      | 1765 ||| Stepping ~*~*~tactically~*~*~ (stealth).
  1768 | D:2      | 1768 ||| Stepping ~*~*~tactically~*~*~ (stealth).
  1769 | D:2      | 1769 ||| Stepping ~*~*~tactically~*~*~ (stealth).
  1994 | D:2      | Identified the +0 helmet "Neppuylo" {Str+5 Stlth+}
  2077 | D:2      | 2077 ||| Stepping ~*~*~tactically~*~*~ (stealth).
  2078 | D:2      | 2078 ||| Stepping ~*~*~tactically~*~*~ (stealth).
  2082 | D:2      | Reached skill level 1 in Dodging
  2457 | D:2      | 2457 ||| Stepping ~*~*~tactically~*~*~ (stealth).
  2608 | D:2      | Found Hiavay's Antique Weapon Shop.
  2644 | D:2      | Found a faded altar of an unknown god.
  2767 | D:2      | Reached XP level 4. HP: 27/35 MP: 5/5
  2978 | D:2      | 2978 ||| UPGRADING to +0 scale mail "Laneala" {rN+}.
  2988 | D:2      | 2988 ||| DROPPING +0 robe.
  2989 | D:2      | 2989 ||| UPGRADING to ring of resist corrosion.
  2990 | D:2      | 2990 ||| READING scroll labelled QIFEOM COTUA.
  2991 | D:2      | 2991 ||| READING scroll labelled ILIAME CASSAX.
  2992 | D:2      | 2992 ||| READING 2 scrolls of identify.
  2992 | D:2      | 2992 ||| IDENTIFYING blue potion
  2993 | D:2      | 2993 ||| DROPPING potion of attraction.
  3051 | D:3      | 3051 ||| Stepping ~*~*~tactically~*~*~ (stealth).
  3052 | D:3      | 3052 ||| Stepping ~*~*~tactically~*~*~ (stealth).
  3053 | D:3      | 3053 ||| Stepping ~*~*~tactically~*~*~ (stealth).
  3054 | D:3      | 3054 ||| Stepping ~*~*~tactically~*~*~ (stealth).
  3056 | D:3      | 3056 ||| INVOKING Fiery Armour.
  3067 | D:3      | Reached skill level 1 in Armour
  3147 | D:3      | 3147 ||| Stepping ~*~*~tactically~*~*~ (stealth).
  3192 | D:3      | 3192 ||| Stepping ~*~*~tactically~*~*~ (hiding).
  3741 | D:3      | 3741 ||| READING scroll labelled ESESASH LIJASH.
  3742 | D:3      | 3742 ||| DRINKING 2 cyan potions.
  3743 | D:3      | 3743 ||| READING 3 scrolls of identify.
  3743 | D:3      | 3743 ||| IDENTIFYING clear potion
  3744 | D:3      | 3744 ||| READING 2 scrolls of identify.
  3744 | D:3      | 3744 ||| IDENTIFYING coppery potion
  3745 | D:3      | 3745 ||| DROPPING potion of invisibility.
  3824 | D:4      | Noticed a scorpion
  3831 | D:4      | 3831 ||| INVOKING Fiery Armour.
  3833 | D:4      | Reached skill level 5 in Axes
  3833 | D:4      | Reached XP level 5. HP: 13/41 MP: 6/6
  3835 | D:4      | HP: 10/41 [poisoned by a scorpion]
  3836 | D:4      | 3836 ||| DRINKING 2 potions of heal wounds.
  3845 | D:4      | HP: 10/41 [poisoned by a scorpion]
  3982 | D:4      | 3982 ||| FLEEEEING.
  3983 | D:4      | 3983 ||| Stepping ~*~*~tactically~*~*~ (stealth).
  3984 | D:4      | 3984 ||| FLEEEEING.
  3985 | D:4      | 3985 ||| FLEEEEING.
  3996 | D:4      | 3996 ||| INVOKING Fiery Armour.
  3999 | D:4      | Reached skill level 6 in Axes
  3999 | D:4      | Reached XP level 6. HP: 14/47 MP: 7/7
  4170 | D:4      | 4170 ||| FLEEEEING.
  4180 | D:4      | 4180 ||| STAIRDANCE
  4208 | D:3      | 4208 ||| READING scroll labelled WOMPEC OZEMINY.
  4261 | D:4      | 4261 ||| INVOKING Fiery Armour.
  4414 | D:4      | Found a runed translucent door.
  4415 | D:4      | Noticed Crazy Yiuf
  4549 | D:4      | Reached XP level 7. HP: 50/54 MP: 8/8
  4619 | D:4      | Reached skill level 7 in Axes
  4777 | D:4      | Noticed Duvessa
  4777 | D:4      | Noticed Dowan
  4778 | D:4      | 4778 ||| Stepping ~*~*~tactically~*~*~ (hiding).
  4783 | D:4      | 4783 ||| INVOKING Fiery Armour.
  4787 | D:4      | 4787 ||| Stepping ~*~*~tactically~*~*~ (hiding).
  4788 | D:4      | 4788 ||| Stepping ~*~*~tactically~*~*~ (hiding).
  4809 | D:4      | Killed Duvessa
  4813 | D:4      | HP: 9/54 [Dowan/shard of ice (20)]
  4814 | D:4      | 4814 ||| DRINKING potion of heal wounds.
  4816 | D:4      | Killed Dowan
  5090 | D:4      | Found a sacrificial altar of Ru.
  5346 | D:4      | Found a bloodstained altar of Trog.
  5726 | D:4      | 5726 ||| UPGRADING to +2 ring mail of fire resistance.
  5736 | D:4      | 5736 ||| READING 4 scrolls of identify.
  5736 | D:4      | 5736 ||| IDENTIFYING sedimented coppery potion
  5777 | D:5      | Entered Level 5 of the Dungeon
  5794 | D:5      | Noticed a water moccasin
  5808 | D:5      | Reached skill level 8 in Axes
  5815 | D:5      | 5815 ||| INVOKING Fiery Armour.
  5817 | D:5      | HP: 12/54 [poisoned by a water moccasin]
  5820 | D:5      | HP: 5/54 [poisoned by a water moccasin]
  5822 | D:5      | Killed a water moccasin
  5823 | D:5      | Reached XP level 8. HP: 3/61 MP: 9/9
  5823 | D:5      | 5823 ||| DRINKING potion of curing.
  5823 | D:5      | 5823 ||| (to cure poison)
  6085 | D:5      | 6085 ||| INVOKING Fiery Armour.
  6090 | D:5      | HP: 12/60 [wight/+0 long sword (7)]
  6341 | D:5      | 6341 ||| Stepping ~*~*~tactically~*~*~ (hiding).
  6355 | D:5      | 6355 ||| INVOKING Fiery Armour.
  6357 | D:5      | HP: 14/56 [wight/+3 spear (7)]
  6360 | D:5      | HP: 5/59 [wight/+3 spear (8)]
  6363 | D:5      | Slain by a wight

Levels and vault maps discovered:
D:1:      nicolae_arrival_washed_ashore, layout_loops_cross, st_stairs_1,
          patterned_corridor
D:2:      layout_loops_cross, serial_shops, shop,
          dreamdust_ecumenical_altar_angels_and_demons,
          chequers_serial_rivers_micro_d
D:3:      layout_loops_cross
D:4:      layout_basic, lightli_temple_of_fire, lemuel_coloured_pillars_altar,
          uniq_duvessa, uniq_crazy_yiuf_cottage
D:5:      layout_basic, tgw_fedhas, minmay_temple_entry_glass

Skill      XL: |  1  2  3  4  5  6  7  8 |
---------------+-------------------------+-----
Axes           | 4 5 6 8 |  8.4
Dodging        | 1 |  1.0
Armour         | 1 |  1.1
Fighting       | 4 5 |  5.2
Spellcasting   | |  1.1
Fire Magic     | |  3.0

Action                   |  1- 3 |  4- 6 |  7- 9 || total
-------------------------+-------+-------+-------++-------
Melee: Hand axe          |   121 |   107 |   118 ||   346
       Punch             |     2 |       |     3 ||     5
Invok: Fiery Armour      |     2 |     4 |     4 ||    10
  Use: Scroll            |     4 |     7 |     1 ||    12
       Potion            |     1 |     2 |     2 ||     5
Armor: Robe              |    24 |       |       ||    24
       Scale mail        |       |    49 |    39 ||    88
       Ring mail         |       |       |    18 ||    18
Dodge: Dodged            |    60 |    56 |    58 ||   174

Table legend:
 A = Non-vault XP
 B = Vault XP
 C = Vault XP percentage of total XP
 D = Non-vault monster count
 E = Vault monster count
 F = Vault count percentage of total count
                 A         B        C        D         E       F
            +---------+---------+-------+---------+---------+-------
      Total |    1061 |     221 |  17.2 |      87 |       4 |   4.4
            +---------+---------+-------+---------+---------+-------
        D:1 |      32 |       3 |   8.6 |      19 |       2 |   9.5
        D:2 |      36 |       0 |   0.0 |      22 |       0 |   0.0
        D:3 |      44 |       0 |   0.0 |      20 |       0 |   0.0
        D:4 |     551 |     218 |  28.3 |      21 |       2 |   8.7
        D:5 |     398 |       0 |   0.0 |       5 |       0 |   0.0
            +---------+---------+-------+---------+---------+-------
